 Dungeon Crawl Stone Soup version 0.19.0-19-g8c6edcc (webtiles) character file.

67 KarmaPolice the Charmwright (level 3, -1/28 HPs)
             Began as a Vampire Skald on Nov 14, 2016.
             Killed from afar by Sigmund (7 damage)
             ... with a puff of flame
             ... on level 2 of the Dungeon.
             The game lasted 00:03:51 (1905 turns).

KarmaPolice the Charmwright (Vampire Skald)         Turns: 1905, Time: 00:03:52

Health: -1/28      AC:  0    Str: 11    XL:     3   Next: 98%
Magic:  6/6        EV: 18    Int: 14    God:
Gold:   51         SH:  0    Dex: 19    Spells: 3 memorised, 2 levels left

rFire  . . .     SeeInvis +     (weapon currently unavailable)
rCold  . . .     Gourm    .     (armour currently unavailable)
rNeg   + . .     Faith    .     (shield currently unavailable)
rPois  .         Spirit   .     (helmet currently unavailable)
rElec  .         Reflect  .     (cloak currently unavailable)
rCorr  .         Harm     .     (gloves currently unavailable)
MR     .....                    (boots currently unavailable)
Stlth  +++.......               (no amulet)
                                (ring currently unavailable)
                                (ring currently unavailable)

@: confused, bat-form, flying, very slightly contaminated, very quick
A: fangs 3, see invisible, (unbreathing)
a: End Transformation


You were on level 2 of the Dungeon.
You were not thirsty.
You were in vampire-bat-form.
You visited 1 branch of the dungeon, and saw 2 of its levels.

You collected 51 gold pieces.

Inventory:

Hand Weapons
 a - a +0 falchion (melded)
Armour
 b - a +1 leather armour (melded)
 k - a +0 pair of boots (melded)
Scrolls
 h - 2 scrolls of magic mapping
Potions
 d - 8 potions of blood
 i - a potion of agility {unknown}
 l - a potion of flight {unknown}
 m - a potion of curing {unknown}
 n - a potion of heal wounds {unknown}
Books
 c - a book of Battle

   Spells                             Type                      Level
   a - Infusion                       Charms                       1
   b - Shroud of Golubria             Charms/Translocation         2
   c - Song of Slaying                Charms                       2
   d - Spectral Weapon                Hexes/Charms                 3
   e - Regeneration                   Charms/Necromancy            3


   Skills:
 + Level 2.6 Fighting
 + Level 2.5 Long Blades
 - Level 0.7 Armour
 - Level 1.1 Dodging
 + Level 2.5 Spellcasting
 + Level 3.9 Charms


You had 2 spell levels left.
You knew the following spells:

 Your Spells              Type           Power        Failure   Level  Hunger
a - Infusion              Chrm           ##..         4%          1    #......
b - Shroud of Golubria    Chrm/Tloc      #.........   17%         2    ###....
c - Song of Slaying       Chrm           ##......     10%         2    ###....


Dungeon Overview and Level Annotations

Branches:
Dungeon (2/15)

Altars:
Qazlal
Ru
Sif Muna

Annotations:
D:2 Sigmund


Innate Abilities, Weirdness & Mutations

You have razor-sharp teeth.
You have supernaturally acute eyesight. (SInv)
((You can survive without breathing.))


Message History

Your +0 leather armour glows green for a moment.
The goblin misses you. Sigmund misses you.
Okay, then.
Blink to where?
Press: ? - help, Dir - move target cursor You are very lightly contaminated with residual magic.
As you read the scroll of blinking, it crumbles to dust.
Sigmund casts a spell at you.
You are confused.
Found 17 stones.
You bump into the rock wall.
You're too confused to move!
Sigmund casts a spell at you. The puff of flame hits you!
* * * LOW HITPOINT WARNING * * *
Sigmund gestures at you while chanting.
You are more confused.
Sigmund gestures at you while chanting. The puff of flame hits you!
You die...

? #.# . #%# . #.# .
#.# ### . #.# ...
.#######.# #.#
.........# #(#
####.##### ###.###
#.# #...b.# #.##
#.....# ####..####
#.....# #........#
#.....# #..##.##.#
#...g.#
#...#.##.######...###
........... .@g....+
#.....##.#
####...####
#........# #...g.##


You could see Sigmund (invisible) and 2 goblins.

Vanquished Creatures
  An orc wizard (D:2)
  An adder (D:2)
  2 leopard geckos (D:1)
  3 giant cockroaches
  2 goblins (D:1)
  2 hobgoblins
  4 jackals (D:1)
  4 bats
  A frilled lizard (D:1)
  3 kobolds
  4 rats
27 creatures vanquished.

Notes
Turn   | Place    | Note
-------+----------+-------------------------------------------
     0 | D:1      | KarmaPolice the Vampire Skald began the quest for the Orb.
     0 | D:1      | Reached XP level 1. HP: 16/16 MP: 3/3
   446 | D:1      | Reached XP level 2. HP: 22/22 MP: 5/5
   480 | D:1      | Learned a level 2 spell: Shroud of Golubria
   483 | D:1      | Learned a level 2 spell: Song of Slaying
   764 | D:2      | Noticed a water elemental
   766 | D:2      | Found a stormy altar of Qazlal.
   768 | D:2      | Noticed an air elemental
   768 | D:2      | Noticed an earth elemental
   768 | D:2      | Noticed a fire elemental
   785 | D:2      | Found a deep blue altar of Sif Muna.
  1676 | D:2      | Reached XP level 3. HP: 28/28 MP: 1/6
  1701 | D:2      | Found a sacrificial altar of Ru.
  1802 | D:2      | Noticed Sigmund
  1905 | D:2      | Killed from afar by Sigmund

Skill      XL: |  1 |
---------------+----+-----
Fighting       | 2 |  2.6
Long Blades    | |  2.5
Armour         | |  0.7
Dodging        | |  1.1
Spellcasting   | |  2.5
Charms         | |  3.9

Action                   || total
-------------------------++-------
Melee: Falchion          ||    87
       Bite              ||     6
       Unarmed           ||    11
 Cast: Infusion          ||     5
       Song of Slaying   ||     1
 Abil: Bat Form          ||     1
  Use: Scroll            ||     5
       Potion            ||     2
 Stab: Sleeping          ||     2
       Paralysed         ||    10
Armor: Leather armour    ||    37
Dodge: Dodged            ||    68
       Rpst.: Falchion   ||    14
